 Dungeon Crawl Stone Soup version 0.27-a0-1217-g8a41f320e8 (webtiles) character file.

Game seed: 3559583156712308618

501 Ge0ff the Covert (level 6, 0/32 HPs)
             Began as a Spriggan Delver on June 5, 2021.
             Was a Believer of Wu Jian.
             Succumbed to a scorpion's poison
             ... on level 5 of the Dungeon.
             The game lasted 00:11:49 (6123 turns).

Ge0ff the Covert (Spriggan Delver)                  Turns: 6123, Time: 00:11:50

Health: 0/32       AC:  3    Str:  8    XL:     6   Next: 95%
Magic:  7/7        EV: 18    Int: 12    God:    Wu Jian [**....]
Gold:   289        SH:  0    Dex: 18    Spells: 5/5 levels left

rFire    . . .     SeeInvis +   a - +6 rapier (speed)
rCold    . . .     Faith    +   (shield restricted)
rNeg     . . .     Spirit   .   P - +1 robe
rPois    .         Reflect  .   (helmet restricted)
rElec    .         Harm     .   (no cloak)
rCorr    .         Rampage  .   (gloves unavailable)
Will     +....                  (boots unavailable)
Stlth    ++++......             Z - amulet of faith
HPRegen  0.10/turn              (no ring)
MPRegen  0.10/turn              (no ring)

@: lethally poisoned (0 -> -14), very quick
A: very small, no large weapons, unfitting armour, see invisible, speed 3
a: Renounce Religion, Wall Jump


You were on level 5 of the Dungeon.
You worshipped Wu Jian.
Wu Jian was pleased with you.
You visited 2 branches of the dungeon, and saw 7 of its levels.

You collected 289 gold pieces.

Inventory:

Hand Weapons
 a - a +6 rapier of speed (weapon)
 b - a +0 vorpal dagger
Missiles
 v - 2 curare-tipped darts {=f}
 V - 9 poisoned darts (quivered)
Armour
 P - a +1 robe (worn)
Jewellery
 Z - an amulet of faith (around neck)
Wands
 d - a wand of digging (3)
Scrolls
 m - a scroll of magic mapping
 E - a scroll of fear
 F - 2 scrolls of fog
 T - 2 scrolls of teleportation
 Y - a scroll of enchant armour
Potions
 H - a potion of haste {!q}
 K - a potion of magic {!q}
 X - a potion of flight


   Skills:
 - Level 3.0 Fighting
 * Level 6.0 Short Blades
 + Level 2.6 Throwing
 - Level 3.0 Dodging
 + Level 9.2 Stealth


You had 5 spell levels left.
You didn't know any spells.
Your spell library contained the following spells:

 Spells                   Type           Power      Damage    Failure   Level
 Animate Skeleton         Necr           0%         N/A       32%         1
 Pain                     Necr           0%         1d4       32%         1
 Vampiric Draining        Necr           0%         2d6       69%         3
 Animate Dead             Necr           0%         N/A       97%         4
 Agony                    Necr           0%         N/A       100%        5


Dungeon Overview and Level Annotations

Branches:
Dungeon (6/15)             Temple (1/1) D:4

Altars:
Ashenzari
Cheibriados
Dithmenos
Elyvilon
Fedhas
Hepliaklqana
Makhleb
Nemelex Xobeh
Okawaru
Qazlal
Ru
Sif Muna
Trog
Uskayaw
Wu Jian
Xom
Yredelemnul
The Shining One


Innate Abilities, Weirdness & Mutations

You are very small and have problems with some larger weapons.
You are too small for most types of armour.
You have supernaturally acute eyesight. (SInv)
You cover ground extremely quickly. (Speed+++)


Message History

You spin and attack the scorpion.
You hit the scorpion.
The scorpion is moderately wounded.
The scorpion stings you.
You are poisoned.
The scorpion poisons you!
The orc hits you with a +0 vampiric war axe.
The orc draws strength from your wounds!
You spin and attack the orc.
You hit the orc.
The orc is severely wounded.
You spin and attack the scorpion.
You hit the scorpion.
The scorpion is heavily wounded.
You feel sick.
Things that are here:
a +0 club; an orc corpse You spin and attack the orc.
You puncture the orc!
You kill the orc!
The Council accepts your kill.
You spin and attack the scorpion.
You closely miss the scorpion.
The scorpion is heavily wounded.
You feel sick. The scorpion barely misses you.
You spin and attack the scorpion.
You barely miss the scorpion.
The scorpion is heavily wounded.
You feel sick. The scorpion stings you.
You are lethally poisoned!
The scorpion poisons you!
You spin and attack the scorpion.
You hit the scorpion.
The scorpion is heavily wounded.
* * * LOW HITPOINT WARNING * * *
You feel very sick.
The orc wizard points at you and mumbles some strange words.
You resist with almost no effort.
You spin and attack the orc wizard.
You hit the orc wizard but do no damage.
The orc wizard is heavily wounded.
You spin and attack the scorpion.
You hit the scorpion but do no damage.
The scorpion is heavily wounded.
* * * LOW HITPOINT WARNING * * *
You feel very sick. The scorpion barely misses you.
The orc wizard hits you with a +0 dagger.
* * * LOW HITPOINT WARNING * * *
Things that are here:
a +0 club; an orc corpse
* * * LOW HITPOINT WARNING * * *
You feel sick.
Okay, then.
As you read the scroll of fear, it crumbles to dust.
You assume a fearsome visage.
The orc wizard looks frightened!
The scorpion looks frightened!
You die...

##.# #... ..# ..# #.#
######## #.#
##..@so.###.#########
#....._.##...........
#...#.).###.#####.###
#..###### #.#####.#
#..## ##.##....#
#...######..##.######
#..........###.......
##......[####.>..####
######### ##...###.


You could see a scorpion (fleeing) and an orc wizard (invisible, fleeing).

Vanquished Creatures
  Sigmund (D:3)
  A vampire bat (D:4)
  A jelly (D:4)
  Jessica (D:3)
  An orc wizard (D:5)
  A howler monkey skeleton (D:4)
  2 adders
  2 worms
  2 dart slugs
  3 fire bats (D:4)
  13 orcs
  2 spectral bats (D:4)
  3 bat skeletons (D:4)
  A bat zombie (D:4)
  8 endoplasms
  6 giant cockroaches
  3 goblins
  5 hobgoblins
  8 jackals
  4 quokkas
  4 ball pythons
  15 bats
  A bat simulacrum (D:4)
  3 frilled lizards
  4 kobolds
  4 rats
99 creatures vanquished.

Notes
Turn   | Place    | Note
-------+----------+-------------------------------------------
     0 | D:5      | Ge0ff the Spriggan Delver began the quest for the Orb.
     0 | D:5      | Reached XP level 1. HP: 11/11 MP: 2/2
     1 | D:6      | Noticed an orc wizard
     1 | D:6      | Noticed an orc priest
     8 | D:5      | Found a shadowy altar of Dithmenos.
    36 | D:4      | Found a staircase to the Ecumenical Temple.
    75 | Temple   | Entered the Ecumenical Temple
   319 | Temple   | Became a worshipper of the Wu Jian Council
   592 | D:4      | Reached XP level 2. HP: 16/16 MP: 3/3
  1232 | D:1      | Reached XP level 3. HP: 19/19 MP: 4/4
  1416 | D:1      | You fall into a shaft and drop 1 floor!
  1531 | D:2      | Reached * piety under Wu Jian
  2005 | D:1      | Found a faded altar of an unknown god.
  2972 | D:2      | Reached XP level 4. HP: 24/24 MP: 5/5
  3243 | D:3      | Noticed Sigmund
  3850 | D:3      | Killed Sigmund
  3851 | D:3      | Reached skill level 5 in Short Blades
  3851 | D:3      | Reached skill level 1 in Throwing
  3851 | D:3      | Reached skill level 8 in Stealth
  3851 | D:3      | Reached XP level 5. HP: 28/28 MP: 6/6
  3930 | D:3      | Noticed Jessica
  3935 | D:3      | Killed Jessica
  3936 | D:3      | Reached XP level 6. HP: 32/32 MP: 7/7
  5796 | D:4      | Reached ** piety under Wu Jian
  5814 | D:4      | Reached skill level 9 in Stealth
  5985 | D:4      | Identified a scroll of acquirement
  5985 | D:4      | Acquired a +6 rapier of speed
  6110 | D:5      | Found a hazy altar of Hepliaklqana.
  6123 | D:5      | Succumbed to a scorpion's poison

Illustrated notes

Levels and vault maps discovered:
D:1:      evilmike_arrival_hilbert_curve, layout_basic, serial_curves,
          eino_curves_04, eino_curves_01, eino_curves_03, basic_ecumenical_altar
D:2:      layout_rooms
D:3:      layout_basic, uniq_jessica, uniq_sigmund
D:4:      layout_basic, minmay_temple_entry_purple_smoke, goddamned_bats
D:5:      minmay_general_purpose_star, layout_loops_ring,
          nicolae_hepliaklqana_hippocampus, overflow_temple_1_default
D:6:      layout_basic, gup_sewer_entry_bubbles, grunt_decor_resistance
Temple:   lightli_temple_of_artemis

Skill      XL: |  1  2  3  4  5  6 |
---------------+-------------------+-----
Dodging        | 3 |  3.0
Short Blades   | 3 5 6 |  6.0
Fighting       | 3 |  3.0
Throwing       | 1 2 |  2.6
Stealth        | 8 9 |  9.2

Action                   |  1- 3 |  4- 6 || total
-------------------------+-------+-------++-------
Melee: Short sword       |   162 |   202 ||   364
       Rapier            |       |    18 ||    18
Throw: Dart              |       |    11 ||    11
Invok: Lunge             |    13 |    35 ||    48
       Whirlwind         |     2 |    56 ||    58
  Use: Scroll            |     1 |    10 ||    11
       Potion            |       |     1 ||     1
 Stab: Sleeping          |    13 |    21 ||    34
       Distracted        |     1 |     2 ||     3
Armor: Robe              |     8 |    28 ||    36
Dodge: Dodged            |    94 |   158 ||   252

Table legend: (Time is in decaauts)
 A = Elapsed time spent in this place.
 B = Non-inter-level travel time spent in this place.
 C = Inter-level travel time spent in this place.
 D = Time resting spent in this place.
 E = Time spent auto-exploring this place.
 F = Levels seen in this place.
 G = Mean time per level.
                   A        B        C        D        E       F      G
               +--------+--------+--------+--------+--------+-----+--------+
         Total |   4697 |   4615 |     82 |    462 |   3324 |   7 |  671.0 |
       Dungeon |   4494 |   4412 |     82 |    462 |   3149 |   6 |  749.0 |
        Temple |    202 |    202 |      0 |      0 |    175 |   1 |  202.0 |
               +--------+--------+--------+--------+--------+-----+--------+

Top non-repeatable levels by time:
     D:4: 1698 daAuts
     D:1: 1295 daAuts
     D:3: 1001 daAuts
     D:2: 405 daAuts
  Temple: 202 daAuts
     D:5: 92 daAuts
     D:6: 1 daAuts
